 Dungeon Crawl Stone Soup version 0.28-a0-620-g539b0f7ac7 (webtiles) character file.

Game seed: 4248083347392595815

0 SkeletonJelly the Ducker (level 1, -3/11 HPs)
             Began as a Spriggan Abyssal Knight on Oct 6, 2021.
             Was a Follower of Lugonu.
             Killed by divine providence
             ... invoked by a balrug
              (14 damage)
             ... on level 4 of the Abyss.
             The game lasted 00:01:58 (172 turns).

SkeletonJelly the Ducker (Spriggan Abyssal Knight)   Turns: 172, Time: 00:01:59

Health: -3/11      AC:  2    Str:  9    XL:     1   Next: 0%
Magic:  3/3        EV: 17    Int: 11    God:    Lugonu [*.....]
Gold:   18         SH:  0    Dex: 15    Spells: 0/0 levels left

rFire   . . .      SeeInvis +   a - +1 short sword
rCold   . . .      Faith    .   (shield restricted)
rNeg    . . .      Spirit   .   b - +0 robe
rPois   .          Reflect  .   (helmet restricted)
rElec   .          Harm     .   d - scarf {shadows}
rCorr   .          Rampage  .   (gloves unavailable)
Will    .....                   (boots unavailable)
Stlth   +.........              (no amulet)
HPRegen 0.03/turn               (no ring)
MPRegen 0.08/turn               (no ring)

@: very quick
A: very small, no large weapons, unfitting armour, see invisible, speed 3
a: Renounce Religion, Depart the Abyss


You were on level 4 of the Abyss.
You worshipped Lugonu.
Lugonu was aware of your devotion.
You visited 0 branches of the dungeon, and saw 0 of its levels.
You visited the Abyss 1 time.

You collected 18 gold pieces.

Inventory:

Hand Weapons
 a - a +1 short sword (weapon)
Armour
 b - a +0 robe (worn)
 d - a scarf of shadows (worn)
Jewellery
 f - a +6 ring of intelligence
Scrolls
 c - 2 scrolls of amnesia {unknown}
 e - a scroll of teleportation {unknown}


   Skills:
 + Level 2.4 Fighting
 + Level 2.1 Short Blades
 + Level 3.2 Dodging
 + Level 1.7 Invocations


You couldn't memorise any spells.
You didn't know any spells.
Your spell library was empty.

Dungeon Overview and Level Annotations

Branches:
Dungeon (0/15)

Altars:


Innate Abilities, Weirdness & Mutations

You are very small and have problems with some larger weapons.
You are too small for most types of armour.
You have supernaturally acute eyesight. (SInv)
You cover ground extremely quickly. (Speed+++)


Message History

Welcome, SkeletonJelly the Spriggan Abyssal Knight.
It is said that the Orb of Zot exists deep within this dungeon.
Lugonu says: Depart the Abyss and spread corruption, my servant! (use the ability menu to exit the Abyss) Press ? for a list of commands and other information.
Found a corrupted altar of Lugonu.
Found a gateway leading deeper into the Abyss.
Found 2 scrolls labelled BAZXIS PELO.
There is a gateway leading deeper into the Abyss here.
Found a gateway leading out of the Abyss.
c - 2 scrolls labelled BAZXIS PELO
There is a gateway leading deeper into the Abyss here.
You plunge deeper into the Abyss.
Found 24 arrows and an embroidered scarf.
d - a scarf of shadows You aren't carrying any pieces of jewellery.
You start putting on your armour.
You continue putting on your scarf of shadows. x4
You finish putting on your scarf of shadows.
It gets dark.
Found 8 gold pieces.
Found 10 gold pieces.
You now have 10 gold pieces.
Found a scroll labelled SIEZAZ TEU.
You now have 18 gold pieces (gained 8).
e - a scroll labelled SIEZAZ TEU
Found a gateway leading deeper into the Abyss.
Found two gateways leading deeper into the Abyss.
There is a gateway leading deeper into the Abyss here.
You plunge deeper into the Abyss.
The abyssal rune of Zot can be found at this depth.
Found a marble ring.
Found 19 arrows.
Found a long sword.
Found a ring mail.
f - a +6 ring of intelligence A large abomination comes into view.
Found a gateway leading deeper into the Abyss.
You see here a +0 long sword.
There is a gateway leading deeper into the Abyss here.
You plunge deeper into the Abyss.
The abyssal rune of Zot can be found at this depth.
Found a corrupted altar of Lugonu.
Found 18 bolts.
Tentacles burst out of the water! 2 tentacles come into view.
g - a wand of polymorph (5)
Aiming: Polymorph
Press: ? - help, Shift-Dir - straight line, f - kraken
Aim: a kraken (water, will become a frost giant, a black draconian, or a dire elephant, chance to affect: 15%)
The kraken resists with almost no effort.
Aiming: Polymorph
Press: ? - help, Shift-Dir - straight line, f/p - kraken
Aim: a kraken (water, will become a frost giant, a black draconian, or a dire elephant, chance to affect: 15%)
The kraken resists with almost no effort.
A tentacle rises from the water!
A tentacle comes into view.
Aiming: Polymorph
Press: ? - help, Shift-Dir - straight line, f/p - kraken
Aim: a kraken (water, will become a frost giant, a black draconian, or a dire elephant, chance to affect: 15%)
The kraken resists with almost no effort.
Aiming: Polymorph
Press: ? - help, Shift-Dir - straight line, f/p - kraken
Aim: a kraken (water, will become a frost giant, a black draconian, or a dire elephant, chance to affect: 15%)
The kraken resists with almost no effort.
Tentacles burst out of the water! 3 tentacles come into view.
Aiming: Polymorph
Press: ? - help, Shift-Dir - straight line, f/p - kraken
Aim: a kraken (water, will become a frost giant, a black draconian, or a dire elephant, chance to affect: 15%)
The kraken resists with almost no effort.
The now-empty wand crumbles to dust.
A tentacle comes into view.
Tentacles burst out of the water! 3 tentacles come into view.
You aren't carrying any items that you can evoke.
There are no items here.
Unknown command.
Found 17 gold pieces.
A large abomination comes into view.
You enter the shallow water.
Moving in this stuff is going to be slow.
A fire crab comes into view.
A balrug comes into view.
It is wielding a +1 demon whip of freezing.
Tentacles burst out of the water! 4 tentacles come into view.
The tentacle barely misses you.
A tentacle segment bursts forth from the water.
The balrug shouts!
The balrug gestures at you. Something smites you!
Ouch! That really hurt!
You die...

##. .. ..# ##
.§X.###### ###.§.
.##.# .. .
.......##
.......#.##..# ##
#.#.#........##.#
.#.#....###.#.####
# ###.#
##.#..#.@.# #
###..#≈#w##..## #
#...≈t/....#.. #
... wX≈..#.#.#..
≈≈≈≈≈≈≈...###. .#
≈≈≈≈≈≈2∩#... ## .
≈≈≈≈≈≈≈......
....≈≈≈2#.. . #
#...≈≈≈..(...#


You could see a balrug.

Vanquished Creatures (others)
  20 tentacles (Abyss:4)
20 creatures vanquished.

Notes
Turn   | Place    | Note
-------+----------+-------------------------------------------
     0 | Abyss:1  | SkeletonJelly the Spriggan Abyssal Knight began the quest
                  | for the Orb.
     0 | Abyss:1  | Reached XP level 1. HP: 11/11 MP: 3/3
    29 | Abyss:2  | Noticed a balrug
    29 | Abyss:2  | Noticed a sun demon
    29 | Abyss:2  | Noticed a sun demon
    78 | Abyss:3  | Noticed a large abomination
    87 | Abyss:4  | Found a corrupted altar of Lugonu.
    92 | Abyss:4  | Noticed a kraken
   161 | Abyss:4  | Noticed a large abomination
   167 | Abyss:4  | Noticed a fire crab
   167 | Abyss:4  | Noticed a balrug
   172 | Abyss:4  | Killed from afar by a balrug

Illustrated notes

Levels and vault maps discovered:
Abyss:4:  base: Temple, hangedman_abyss_or_decor_stabs,
          evilmike_nicolae_abyss_rune_betentacled_crabyss,
          evilmike_abyss_exit_6, hangedman_elemental_corridor

Action                   || total
-------------------------++-------
Evoke: Wand              ||     5
Dodge: Dodged            ||     1

Table legend: (Time is in decaauts)
 A = Elapsed time spent in this place.
 B = Non-inter-level travel time spent in this place.
 C = Inter-level travel time spent in this place.
 D = Time resting spent in this place.
 E = Time spent auto-exploring this place.
 F = Levels seen in this place.
 G = Mean time per level.
                   A        B        C        D        E       F      G
               +--------+--------+--------+--------+--------+-----+--------+
         Total |    112 |    112 |      0 |      0 |      1 |   4 |   28.0 |
         Abyss |    112 |    112 |      0 |      0 |      1 |   4 |   28.0 |
               +--------+--------+--------+--------+--------+-----+--------+

Top non-repeatable levels by time:
 Abyss:4: 54 daAuts
 Abyss:2: 33 daAuts
 Abyss:3: 13 daAuts
 Abyss:1: 11 daAuts
